 Dungeon Crawl Stone Soup version 0.23.0 (webtiles) character file.

Game seed: 7535430975999778375

154 poirepourri the Chopper (level 5, -8/45 HPs)
             Began as a Minotaur Fighter on Feb 13, 2019.
             Killed by divine providence
             ... invoked by an orc priest
              (11 damage)
             ... on level 2 of the Dungeon.
             The game lasted 00:01:13 (1215 turns).

poirepourri the Chopper (Minotaur Fighter)          Turns: 1215, Time: 00:01:14

Health: -8/45      AC:  8    Str: 20 (21) XL:     5   Next: 13%
Magic:  4/4        EV:  7    Int:  2 (5)  God:
Gold:   30         SH: 10    Dex:  7 (10) Spells: 4/4 levels left

rFire    . . .     SeeInvis .   a - +0 war axe
rCold    . . .     Gourm    .   c - +1 shield
rNeg     . . .     Faith    .   b - +0 scale mail
rPois    .         Spirit   .   (helmet restricted)
rElec    .         Reflect  .   h - +0 cloak
rCorr    .         Harm     .   (no gloves)
MR       .....                  (no boots)
Stlth    ..........             (no amulet)
HPRegen  0.15/turn              (no ring)
MPRegen  0.09/turn              (no ring)

@: flying
A: retaliatory headbutt, horns 2
a: no special abilities


You were on level 2 of the Dungeon.
You were very hungry.

You visited 1 branch of the dungeon, and saw 3 of its levels.

You collected 30 gold pieces.

Inventory:

Hand Weapons
 a - a +0 war axe (weapon)
Armour
 b - a +0 scale mail (worn)
 c - a +1 shield (worn)
 h - a +0 cloak (worn)
Jewellery
 i - a cursed -3 ring of evasion {unknown}
 m - a cursed ring of teleportation {unknown}
Potions
 d - a potion of might
 e - a potion of cancellation
Comestibles
 f - 5 rations


   Skills:
 - Level 3.6 Fighting
 + Level 6.5 Axes
 - Level 3.6 Armour
 - Level 3.6 Shields


You had 4 spell levels left.
You didn't know any spells.
Your spell library was empty.

Dungeon Overview and Level Annotations

Branches:
Dungeon (3/15)

Altars:


Innate Abilities, Weirdness & Mutations

You reflexively headbutt those who attack you in melee.
You have a pair of horns on your head.


Message History

As you read the scroll labeled ZIYQOAMO WYOXT, it crumbles to dust.
It is a scroll of enchant armour.
Your +0 shield glows green for a moment.
The orc priest hits you but does no damage.
The orc barely misses you.
The orc priest hits you but does no damage.
As you read the scroll labeled YFYRHI RUAFU, it crumbles to dust.
The creatures around you are filled with an inner flame!
It was a scroll of immolation.
The orc priest hits you but does no damage.
You block the orc's attack.
The orc priest hits you with a +0 hand axe.
* * * LOW HITPOINT WARNING * * *
As you read the scroll labeled EROESI SARALISK, it crumbles to dust.
The scroll dissolves into smoke.
It was a scroll of fog.
The orc priest hits you but does no damage.
The orc barely misses you. You furiously retaliate!
You headbutt the orc.
The orc priest invokes the aid of Beogh against you.
Beogh smites you!
You die...

#........## #..#####..#
#### ##..## #..# #..##
######
#....####..###...###.)...
#.#......)..##.#...#..#.#
#.#...###.#..#.##..#.####
#......##§##...#..##..#.#
#...##.##o####...###.##..
#.....§§@§§.##..## #.#...
#......oo§#....## #.#[[#
#.#...§§.§§(...#####.####
##.##......†##....##..####
#..##.....................
#..##.......###..#...####.
#..##.....#.# #..###.†....
#.###.......####.#######.#
### #........###...# ##.#


You could see 2 orc priests and an orc (inner flame).

Vanquished Creatures
  A centaur (D:2)
  An adder (D:2)
  An ooze (D:2)
  6 dart slugs
  2 leopard geckos (D:2)
  2 orcs (D:3)
  2 giant cockroaches (D:2)
  6 goblins
  5 hobgoblins
  6 jackals
  2 bats (D:1)
  4 frilled lizards
  2 kobolds (D:2)
  5 rats
45 creatures vanquished.

Notes
Turn   | Place    | Note
-------+----------+-------------------------------------------
     0 | D:1      | poirepourri the Minotaur Fighter began the quest for the
                  | Orb.
     0 | D:1      | Reached XP level 1. HP: 19/19 MP: 0/0
   187 | D:1      | Reached skill level 3 in Axes
   277 | D:1      | Reached XP level 2. HP: 26/26 MP: 1/1
   467 | D:1      | Reached skill level 4 in Axes
   633 | D:2      | Reached XP level 3. HP: 24/31 MP: 2/2
   789 | D:2      | Noticed a centaur
   793 | D:2      | Killed a centaur
   793 | D:2      | Reached skill level 6 in Axes
   793 | D:2      | Reached XP level 4. HP: 31/39 MP: 3/3
  1043 | D:2      | Reached XP level 5. HP: 45/45 MP: 4/4
  1215 | D:2      | Killed from afar by an orc priest

Skill      XL: |  1  2  3 |
---------------+----------+-----
Axes           | 3 4 6 |  6.5
Fighting       | |  3.6
Armour         | |  3.6
Shields        | |  3.6

Action                   |  1- 3 |  4- 6 || total
-------------------------+-------+-------++-------
Melee: War axe           |    47 |    30 ||    77
       Headbutt          |     9 |     6 ||    15
  Use: Scroll            |     2 |     4 ||     6
       Potion            |       |     2 ||     2
Armor: Scale mail        |    30 |    15 ||    45
Dodge: Dodged            |    16 |     8 ||    24
Block: Shield            |    29 |    19 ||    48
